 Dungeon Crawl Stone Soup version 0.31-a0-1610-g9787180 (webtiles) character file.

Game seed: 8661110717916571418

15619 PidgeyThePirate the Cleaver (level 12, -7/86 (118) HPs)
             Began as a Troll Chaos Knight on Jan 8, 2024.
             Was a Plaything of Xom.
             Mangled by a two-headed ogre
             ... wielding a +3 giant club of chaos
              (10 damage)
             ... on level 10 of the Dungeon.
             The game lasted 00:31:43 (9473 turns).

PidgeyThePirate the Cleaver (Troll Chaos Knight)    Turns: 9473, Time: 00:31:44

HP:   -7/86 (118)   AC: 14    Str: 22    XL:     12   Next: 2%
MP:   11/11         EV: 12    Int:  9    God:    Xom [......]
Gold: 885           SH:  0    Dex: 15    Spells: 8/11 levels left

rFire   . . .        x - +6 battleaxe
rCold   . . .        (shield currently unavailable)
rNeg    . . .        A - +0 steam dragon scales
rPois   +            (helmet restricted)
rElec   .            (no cloak)
rCorr   .            (gloves unavailable)
SInv    .            (boots unavailable)
Will    +....        r - amulet of regeneration
Stlth   ++           y - +4 ring of protection
HPRegen 1.94/turn    i - ring of willpower
MPRegen 0.12/turn

%: no passive effects
@: slowed, very heavily drained, very slow
A: large, unfitting armour, claws 3, regeneration 1, shaggy fur 1, tough skin 1,
iridescent scales 1, agile 1, poison resistance
a: Renounce Religion


You were on level 10 of the Dungeon.
You worshipped Xom.
You were a very special plaything of Xom.
You visited 1 branch of the dungeon, and saw 10 of its levels.
You also visited: Ossuary and Bailey.

You collected 885 gold pieces.

Inventory:

Hand Weapons
 a - a +0 hand axe of chaos
 t - a +2 heavy battleaxe
 x - a +6 battleaxe (weapon)
 L - a +2 war axe
 N - a +3 heavy arbalest
Missiles
 p - a throwing net (quivered)
Armour
 b - a +2 robe
 A - +0 steam dragon scales (worn)
Jewellery
 c - a +6 ring of strength
 e - a ring of magical power
 i - a ring of willpower (right claw)
 r - an amulet of regeneration (around neck)
 y - a +4 ring of protection (left claw)
 z - a ring of resist corrosion
 D - an amulet of faith
 E - a ring of positive energy
 O - a +6 ring of strength
Wands
 v - a wand of roots (17)
 Q - a wand of flame (9)
 R - a wand of polymorph (8)
 T - a wand of digging (7)
Scrolls
 d - 4 scrolls of fear {unknown}
 g - 5 scrolls of teleportation
 j - 2 scrolls of poison {unknown}
 k - 4 scrolls of immolation {unknown}
 l - 2 scrolls of brand weapon {unknown}
 m - 7 scrolls of fog {unknown}
 o - 14 scrolls of identify {unknown}
 s - a scroll of noise {unknown}
 w - 2 scrolls of torment {unknown}
 C - a scroll of vulnerability
 F - 5 scrolls of enchant armour {unknown}
 I - 2 scrolls of revelation {unknown}
 P - a scroll of enchant weapon {unknown}
Potions
 f - 3 potions of enlightenment {unknown}
 n - 3 potions of brilliance
 u - a potion of berserk rage {unknown}
 B - 2 potions of ambrosia {unknown}
 G - 2 potions of invisibility
 H - 6 potions of degeneration
 J - a potion of might
 K - a potion of cancellation
 S - a potion of haste
 U - a potion of mutation
Miscellaneous
 q - a lightning rod (4/4)
 M - a box of beasts


   Skills:
 + Level 7.1 Fighting
 + Level 12.1 Axes
 + Level 5.6 Armour
 + Level 6.6 Dodging
 + Level 3.1 Stealth
 + Level 0.2 Spellcasting
 + Level 0.1 Conjurations
 + Level 0.1 Air Magic
 + Level 0.3 Alchemy


You had 8 spell levels left.
You knew the following spells:

 Your Spells              Type           Power      Damage    Failure   Level
a - Mephitic Cloud        Conj/Alch/Air  0%         N/A       73%         3

Your spell library contained the following spells:

 Spells                   Type           Power      Damage    Failure   Level
 Shock                    Conj/Air       0%         1d3       36%         1
 Sandblast                Erth           0%         2d4       38%         1
 Mercury Vapours          Alch/Air       0%         N/A       50%         2
 Blink                    Tloc           0%         N/A       52%         2
 Lesser Beckoning         Tloc           0%         N/A       52%         2
 Momentum Strike          Conj/Tloc      0%         3d8       52%         2
 Dazzling Flash           Conj/Hex       0%         N/A       75%         3
 Stone Arrow              Conj/Erth      0%         3d7       75%         3
 Swiftness                Air            0%         N/A       75%         3
 Gell's Gravitas          Tloc           0%         N/A       77%         3
 Ozocubu's Armour         Ice            0%         N/A       77%         3
 Passwall                 Erth           0%         N/A       77%         3
 Teleport Other           Tloc           0%         N/A       77%         3
 Airstrike                Air            0%         2d(0-16)  98%         4
 Brom's Barrelling Bould  Conj/Erth      0%         2d3       98%         4
 Curse of Agony           Necr           0%         N/A       100%        5
 Freezing Cloud           Conj/Ice/Air   0%         6-21      100%        5
 Metabolic Englaciation   Hex/Ice        0%         N/A       100%        5
 Silence                  Hex/Air        0%         N/A       100%        5
 Sculpt Simulacrum        Ice/Alch       0%         N/A       100%        6


Dungeon Overview and Level Annotations

Branches:
Dungeon (10/15)            Temple (0/1) D:7            Lair (0/5) D:9
    Orc (0/2) D:9         Ossuary (visited)          Bailey (visited)

Altars:
Cheibriados
Gozag
Okawaru
Sif Muna
Trog
Vehumet
Xom
Yredelemnul
Zin

Shops:
D:2 ((*([   D:5 ((

Annotations:
D:7 1 transporter, Grum


Innate Abilities, Weirdness & Mutations

You are too large for most types of armour.
You have claws for hands.
Your natural rate of healing is unusually fast.
You are covered in fur. (AC +1)
You have tough skin. (AC +1)
You are partially covered in iridescent scales. (AC +2)
You are agile. (Dex +4, Str/Int -1)
Your system is resistant to poisons. (rPois)


Message History

As you open the door, it creaks loudly!
There is an open door here.
You open the door.
Found a long sword.
There is an open door here.
m - 7 scrolls labelled JUOMU SEKUI (gained 1)
There is an open door here.
You barely miss the two-headed ogre.
The two-headed ogre shouts in stereo!
The two-headed ogre barely misses you.
The two-headed ogre hits you with a +0 giant club!
The wyvern hisses angrily.
You slice the two-headed ogre!!
The two-headed ogre is heavily wounded.
The two-headed ogre hits you with a +3 giant club of chaos!!
You feel yourself slow down.
The two-headed ogre hits you with a +0 giant club!
You completely miss the two-headed ogre.
The two-headed ogre is heavily wounded.
The wyvern closely misses you. The two-headed ogre barely misses you.
The two-headed ogre closely misses you.
You completely miss the two-headed ogre.
The two-headed ogre is heavily wounded.
You hit the wyvern. The wyvern bites you. The wyvern bites you!
The two-headed ogre barely misses you. The two-headed ogre closely misses you.
The wyvern bites you!
* * * LOW HITPOINT WARNING * * *
You slice the two-headed ogre!!
The two-headed ogre is almost dead.
You slash the wyvern!
The wyvern bites you but does no damage.
The wyvern bites you.
* * * LOW HITPOINT WARNING * * *
The two-headed ogre hits you with a +3 giant club of chaos!
* * * LOW HITPOINT WARNING * * *
The two-headed ogre burns you.
* * * LOW HITPOINT WARNING * * *
The two-headed ogre hits you with a +0 giant club!
You die...
Xom snickers!

....#...'.......# ###.#
....#####.......# #...# ....#
#.......# #.### ##### #####'####
#.# #....# #####'#####
###########.## #.........#
#............#####.........#
######............##..'...<.....#
................@.#..##.........#
.....#..........kO..###.........#
....##............### #.........#
....##............# #<........#
....##............# ######+####
############.###### #.## #..#
#######'### ###+#####


You could see a two-headed ogre and a wyvern.

Vanquished Creatures
  An orc warlord (Bailey)
  Erica (D:9)
  A two-headed ogre (D:9)
  A manticore (D:10)
  An elephant (D:9)
  A gargoyle (D:9)
  2 kobold demonologists (D:10)
  2 trolls
  Grinder (D:3)
  6 yaks
  A wraith (D:10)
  4 steam dragons
  Menkaure (Ossuary)
  2 water moccasins (D:7)
  2 black bears (D:9)
  3 orc warriors
  2 ice beasts
  A sky beast (D:7)
  2 centaurs
  A phantom (D:5)
  A kobold brigand (D:9)
  An elf zombie (Ossuary)
  6 bullfrogs
  5 gnoll sergeants
  3 scorpions
  9 wights
  A troll zombie (Ossuary)
  3 howler monkeys (D:8)
  2 centaur zombies (Ossuary)
  2 jellies
  A hound (D:4)
  5 orc priests
  A human zombie (Ossuary)
  A gnoll bouda (D:7)
  A sleepcap (D:6)
  3 iguanas
  9 orc wizards
  2 ogre zombies (Ossuary)
  6 mummies (Ossuary)
  20 gnolls
  8 adders
  A shadow imp (D:6)
  3 white imps
  4 adder zombies (Ossuary)
  A dart slug (D:3)
  A ribbon worm (D:4)
  46 orcs
  6 ball pythons
  4 bats
  5 endoplasms
  3 giant cockroaches
  3 gnoll zombies
  7 hobgoblins
  4 jackals
  4 quokkas
  5 frilled lizards
  16 goblins
  5 goblin zombies (Ossuary)
  3 hobgoblin zombies (Ossuary)
  16 kobolds
  2 kobold zombies (Ossuary)
  4 quokka zombies (Ossuary)
  4 rats
  3 rat zombies (Ossuary)
276 creatures vanquished.

Vanquished Creatures (collateral kills)
  The ghost of CountryCottage the Grappler, a novice VSFi of the Shining One (D:7)
  A wolf (D:7)
  3 kobold brigands
  A gnoll sergeant (D:9)
  2 wights (D:7)
  2 gnoll boudas (D:7)
  An orc wizard (D:7)
  6 gnolls (D:7)
  An orc (D:7)
  A ball python (D:2)
  A goblin (Bailey)
20 creatures vanquished.

Vanquished Creatures (others)
  A dancing weapon (D:7)
  A wraith (D:10)
  A jackal zombie (D:4)
3 creatures vanquished.

Grand Total: 299 creatures vanquished

Notes
Turn   | Place    | Note
-------+----------+-------------------------------------------
     0 | D:1      | PidgeyThePirate the Troll Chaos Knight began the quest for
                  | the Orb.
     0 | D:1      | Reached XP level 1. HP: 22/22 MP: 0/0
    20 | D:1      | Noticed a glass eye
    23 | D:1      | Found a faded altar of an unknown god.
    25 | D:1      | Noticed a great orb of eyes
    31 | D:1      | Noticed a glass eye
    31 | D:1      | Noticed a shining eye
   101 | D:1      | XOM: divination: detect creatures
   194 | D:1      | XOM: divination: detect items
   250 | D:1      | Reached XP level 2. HP: 29/29 MP: 1/1
   353 | D:1      | XOM: 2-stop teleportation journey
   669 | D:1      | XOM: silly message
  1030 | D:2      | Reached skill level 3 in Axes
  1030 | D:2      | Reached XP level 3. HP: 30/36 MP: 2/2
  1044 | D:2      | XOM: silly message
  1104 | D:2      | Reached XP level 4. HP: 44/45 MP: 3/3
  1104 | D:2      | Found Doopsorgh's Antique Weapon Emporium.
  1139 | D:2      | Found Imefegesm's Antique Weapon Emporium.
  1211 | D:2      | Found Qahow's Antique Armour Boutique.
  1231 | D:2      | Learned a level 3 spell: Mephitic Cloud
  1318 | D:2      | Found Qamel's General Store.
  1484 | D:2      | Found Bub Ydagg's Weapon Boutique.
  1749 | D:3      | Found a basalt altar of Yredelemnul.
  1780 | D:3      | Noticed Grinder
  1784 | D:3      | XOM: potion effect (attraction)
  1789 | D:3      | Paralysed by Grinder for 3 turns
  1799 | D:3      | Killed Grinder
  1800 | D:3      | Reached skill level 4 in Axes
  1800 | D:3      | Reached XP level 5. HP: 45/53 MP: 4/4
  1800 | D:3      | Reached XP level 6. HP: 52/61 MP: 5/5
  1892 | D:3      | You fall into a shaft and drop 2 floors!
  1892 | D:5      | Entered Level 5 of the Dungeon
  1930 | D:4      | XOM: divination: detect creatures
  2085 | D:3      | Found a shimmering altar of Xom.
  2137 | D:3      | XOM: silly message
  2197 | D:3      | Found an opulent altar of Gozag.
  2531 | D:4      | Reached skill level 1 in Stealth
  2536 | D:4      | Reached XP level 7. HP: 49/68 MP: 6/6
  2745 | D:4      | XOM: polymorph jelly -> rat
  2783 | D:4      | Found a shimmering blue altar of Sif Muna.
  2919 | D:4      | XOM: 4-stop teleportation journey
  3006 | D:4      | XOM: god gift: book of the Senses
  3107 | D:4      | XOM: god gift: falchion {god gift}
  3203 | D:4      | Noticed a steam dragon
  3210 | D:4      | XOM: silly message
  3218 | D:4      | Killed a steam dragon
  3219 | D:4      | Reached skill level 5 in Axes
  3416 | D:5      | XOM: silly message
  3455 | D:5      | XOM: potion effect (heal wounds)
  3651 | D:5      | XOM: potion effect (attraction)
  3668 | D:5      | XOM: silly message
  3743 | D:5      | Reached XP level 8. HP: 79/79 MP: 7/7
  3781 | D:5      | Identified the +7 halberd of Exoneration {freeze, *Corrode
                  | +Blink Fly rPois}
  3784 | D:5      | XOM: 3-stop teleportation journey
  3878 | D:5      | Found Mipic's Weapon Shoppe.
  3882 | D:5      | Found Othoih's Antique Weapon Boutique.
  3984 | D:5      | Found a glowing silver altar of Zin.
  4361 | D:6      | XOM: noise
  4374 | D:6      | Identified the +1 trident "Embalmer" {freeze, rPois Str+2}
  4488 | D:6      | XOM: cast spell 'Animate Armour'
  4495 | D:6      | Found a bloodstained altar of Trog.
  4535 | D:6      | Reached skill level 6 in Axes
  4563 | D:6      | XOM: confuse monster(s)
  4871 | D:6      | XOM: noise
  5138 | D:7      | XOM: cast spell 'Monstrous Menagerie'
  5163 | D:7      | Reached skill level 5 in Fighting
  5164 | D:7      | Reached skill level 7 in Axes
  5184 | D:7      | Found a sand-covered staircase.
  5192 | Ossuary  | Entered an ossuary
  5234 | Ossuary  | Noticed Menkaure
  5243 | Ossuary  | Killed Menkaure
  5256 | Ossuary  | Reached XP level 9. HP: 69/88 MP: 8/8
  5287 | Ossuary  | HP: 3/88 [troll zombie (12)]
  5419 | Ossuary  | Reached skill level 5 in Dodging
  5458 | Ossuary  | XOM: enchant monster (bad)
  5757 | D:7      | Found a transporter.
  6005 | D:7      | Found a staircase to the Ecumenical Temple.
  6146 | D:7      | Noticed Grum
  6165 | D:7      | Noticed CountryCottage's ghost (novice VSFi)
  6168 | D:7      | Identified the +3 scale mail of Ocwiskyuhu {rCorr Int+5
                  | Dex+3}
  6181 | D:7      | Found a transporter.
  6186 | D:7      | XOM: confusion (+ monsters)
  6241 | D:7      | Identified the ring "Uryuq" {rN+ rCorr}
  6657 | D:7      | Gained mutation: You occasionally lose the ability to drink
                  | potions when taking damage. [potion of mutation]
  6657 | D:7      | Gained mutation: You are partially covered in iridescent
                  | scales. (AC +2) [potion of mutation]
  6657 | D:7      | Gained mutation: You occasionally lose the ability to read
                  | scrolls when taking damage. [potion of mutation]
  6657 | D:7      | Gained mutation: Your system is resistant to poisons.
                  | (rPois) [potion of mutation]
  6658 | D:7      | Lost mutation: You occasionally lose the ability to drink
                  | potions when taking damage. [potion of mutation]
  6658 | D:7      | Lost mutation: You occasionally lose the ability to read
                  | scrolls when taking damage. [potion of mutation]
  6658 | D:7      | Gained mutation: You are agile. (Dex +4, Str/Int -1)
                  | [potion of mutation]
  6660 | D:7      | XOM: scenery: 2 fountains blood, 1 doors close
  6665 | D:7      | Reached skill level 8 in Axes
  6679 | D:7      | Killed CountryCottage's ghost
  6923 | D:8      | Found a flagged portal.
  6935 | Bailey   | Entered a bailey
  6940 | Bailey   | Noticed an orc warlord
  6978 | Bailey   | XOM: summons friendly quasit
  6988 | Bailey   | Found a runed translucent gate.
  6988 | Bailey   | Found a runed translucent gate.
  7010 | Bailey   | Found a runed translucent gate.
  7033 | Bailey   | Reached XP level 10. HP: 80/98 MP: 9/9
  7182 | Bailey   | XOM: polymorph orc -> goblin
  7187 | Bailey   | XOM: summons 2 friendly demons
  7188 | Bailey   | XOM: god gift: lightning rod (4/4)
  7195 | Bailey   | XOM: cast spell 'Leda's Liquefaction'
  7200 | Bailey   | HP: 7/147 [orc warlord/+6 battleaxe (15)]
  7205 | Bailey   | Killed an orc warlord
  7206 | Bailey   | Reached skill level 9 in Axes
  7286 | Bailey   | Reached skill level 10 in Axes
  7286 | Bailey   | Reached skill level 5 in Armour
  7286 | Bailey   | Reached XP level 11. HP: 106/106 MP: 10/10
  7298 | Bailey   | XOM: noise
  7388 | D:8      | XOM: scenery: summon butterflies
  7445 | D:8      | XOM: 1-stop teleportation journey
  7719 | D:9      | XOM: noise
  7795 | D:9      | Noticed Erica
  7796 | D:9      | XOM: noise
  7806 | D:9      | Killed Erica
  7807 | D:9      | Reached skill level 11 in Axes
  7813 | D:9      | Found an iron altar of Okawaru.
  7826 | D:9      | Noticed a two-headed ogre
  7833 | D:9      | Killed a two-headed ogre
  8087 | D:9      | Found a staircase to the Lair.
  8087 | D:9      | XOM: cleaving
  8119 | D:9      | XOM: fake destruction
  8133 | D:9      | Found a snail-covered altar of Cheibriados.
  8133 | D:9      | XOM: 6-stop teleportation journey
  8230 | D:9      | Found a staircase to the Orcish Mines.
  8251 | D:9      | XOM: cleaving
  8253 | D:9      | XOM: cast spell 'Summon Mana Viper'
  8276 | D:9      | XOM: enchant monster (good)
  8288 | D:9      | XOM: cleaving
  8355 | D:9      | XOM: scenery: 2 doors close
  8618 | D:9      | Found a radiant altar of Vehumet.
  8659 | D:9      | XOM: god gift: wand of polymorph (8)
  8912 | D:9      | XOM: god gift: wand of roots (8)
  8954 | D:10     | Entered Level 10 of the Dungeon
  9011 | D:10     | XOM: god gift: potion of haste
  9052 | D:10     | Noticed a sun demon
  9148 | D:10     | XOM: enchant monster (good)
  9174 | D:10     | Reached skill level 12 in Axes
  9263 | D:10     | XOM: scenery: 2 doors close
  9266 | D:10     | XOM: enchant monster (good)
  9285 | D:10     | Reached XP level 12. HP: 118/118 MP: 11/11
  9359 | D:10     | Noticed a two-headed ogre
  9369 | D:10     | XOM: confusion
  9371 | D:10     | XOM: draining
  9372 | D:10     | XOM: chaos upgrade
  9380 | D:10     | XOM: draining
  9473 | D:10     | HP: 3/86 [two-headed ogre/+3 giant club of chaos (6)]
  9473 | D:10     | Mangled by a two-headed ogre

Illustrated notes

Levels and vault maps discovered:
D:1:      wander_arrival_fairy_ring, layout_loops_corners,
          hellmonk_ecumenical_altar_watching_god
D:2:      minmay_alternating_diamond, layout_basic, serial_shops, shop, shop,
          shop, nicolae_shop_trees, nicolae_shop_just_a_little_nook,
          minmay_misc_feat_columns
D:3:      layout_basic, grunt_gozag_statues,
          mainiacjoe_overflow_large_starburst, uniq_grinder
D:4:      layout_cave_pods, old_standard_altar, kennysheep_orc_chapel
D:5:      layout_basic, zin_academy, nicolae_wooded_promenade
D:6:      layout_basic, mainiacjoe_overflow_surrounded_room
D:7:      layout_loops_ring, minmay_temple_entry_statues_pillars,
          gammafunk_ghost_gnarly_gnolls, enter_ossuary_1
D:8:      layout_rooms, lightli_bailey_entry_fortress
D:9:      layout_basic, vehumet_altar_wand_db, slow_altar_2,
          mainiacjoe_overflow_boulevard, david_lair_generic,
          kennysheep_orc_monster_closet_entryway, minivault_10,
          lightli_fourway_metalbox, uniq_erica
D:10:     layout_roguey, special_room [special_room_orc]

Skill      XL: |  1  2  3  4  5  6  7  8  9 10 11 |
---------------+----------------------------------+-----
Dodging        | 2 3 4 5 6 |  6.6
Axes           | 3 4 5 7 8 10 12 | 12.1
Fighting       | 3 4 5 6 7 |  7.1
Stealth        | 1 2 3 |  3.1
Armour         | 5 |  5.6
Spellcasting   | |  0.2
Conjurations   | |  0.1
Air Magic      | |  0.1
Alchemy        | |  0.3

Action                     |  1- 3 |  4- 6 |  7- 9 | 10-12 || total
---------------------------+-------+-------+-------+-------++-------
  Melee: Hand axe          |    84 |   140 |   482 |       ||   706
         Punch             |       |     7 |     7 |       ||    14
         Battleaxe         |       |       |    48 |   250 ||   298
    Use: Potion            |       |       |    11 |    15 ||    26
         Scroll            |       |       |     3 |     1 ||     4
   Stab: Sleeping          |       |       |     5 |       ||     5
         Petrifying        |       |       |     4 |     1 ||     5
         Paralysed         |       |       |     2 |       ||     2
         Confused          |       |       |     5 |       ||     5
         Petrified         |       |       |     9 |     2 ||    11
         Invisible         |       |       |     1 |       ||     1
 Armour: Robe              |    62 |   108 |    49 |       ||   219
         Steam dragon scal |       |       |   384 |   313 ||   697
         Skin              |       |       |       |    11 ||    11
  Dodge: Dodged            |    48 |    65 |   325 |   205 ||   643

Table legend: (Time is in decaauts)
 A = Elapsed time spent in this place.
 B = Non-inter-level travel time spent in this place.
 C = Inter-level travel time spent in this place.
 D = Time resting spent in this place.
 E = Time spent auto-exploring this place.
 F = Levels seen in this place.
 G = Mean time per level.
                   A        B        C        D        E       F      G
               +--------+--------+--------+--------+--------+-----+--------+
         Total |   9551 |   8977 |    574 |      0 |   5825 |  12 |  795.9 |
       Dungeon |   8622 |   8048 |    574 |      0 |   5522 |  10 |  862.2 |
       Ossuary |    525 |    525 |      0 |      0 |    203 |   1 |  525.0 |
        Bailey |    403 |    403 |      0 |      0 |    100 |   1 |  403.0 |
               +--------+--------+--------+--------+--------+-----+--------+

Top non-repeatable levels by time:
     D:9: 1303 daAuts
     D:7: 1144 daAuts
     D:4: 975 daAuts
     D:5: 922 daAuts
     D:1: 903 daAuts
     D:3: 821 daAuts
     D:6: 794 daAuts
     D:2: 718 daAuts
    D:10: 540 daAuts
 Ossuary: 525 daAuts
     D:8: 497 daAuts
  Bailey: 403 daAuts
